 Dungeon Crawl Stone Soup version 0.31.0-32-g396128a36d (webtiles) character file.

Game seed: 9377067558122876438

357 dorian the Cutter (level 6, -3/33 HPs)
             Began as a Vine Stalker Brigand on Mar 15, 2024.
             Succumbed to a gnoll's poison
             ... on level 4 of the Dungeon.
             The game lasted 00:04:00 (2714 turns).

dorian the Cutter (Vine Stalker Brigand)            Turns: 2714, Time: 00:04:01

Health: -3/33      AC:  9    Str: 13    XL:     6   Next: 64%
Magic:  0/7        EV: 11    Int: 11    God:
Gold:   150        SH:  0    Dex: 18    Spells: 5/5 levels left

rFire   . . .        k - +2 dagger (venom)
rCold   . . .        (no shield)
rNeg    . . .        m - +1 leather armour {Will+}
rPois   .            (no helmet)
rElec   .            c - +0 cloak
rCorr   +            (no gloves)
SInv    .            (no boots)
Will    .....        (no amulet)
Stlth   +++          f - +4 ring of protection
HPRegen 1.05/turn    i - ring of resist corrosion
MPRegen 0.10/turn

%: guardian spirit
@: lethally poisoned (-3 -> -24), weak-willed
A: fangs 2, regeneration 1, magic shield, antimagic bite, no potion heal 2
a: no special abilities


You were on level 4 of the Dungeon.
You visited 1 branch of the dungeon, and saw 4 of its levels.

You collected 150 gold pieces.

Inventory:

Hand Weapons
 a - a +2 dagger
 k - a +2 dagger of venom (weapon)
Missiles
 d - 19 poisoned darts (quivered)
 e - 3 curare-tipped darts
Armour
 b - a +0 robe
 c - a +0 cloak (worn)
 m - a +1 leather armour of willpower (worn)
Jewellery
 f - a +4 ring of protection (left hand)
 i - a ring of resist corrosion (right hand)
 l - a ring of protection from cold
 t - a ring of ice
Scrolls
 j - a scroll of torment {unknown}
 n - a scroll of poison {unknown}
 o - a scroll of enchant armour {unknown}
 p - a scroll of vulnerability
 r - 3 scrolls of identify
 s - a scroll of revelation {unknown}
Potions
 g - 2 potions of magic
 h - a potion of might {unknown}
 q - 2 potions of cancellation {unknown}


   Skills:
 + Level 3.8 Fighting
 * Level 5.1 Short Blades
 - Level 1.7 Throwing
 - Level 0.7 Dodging
 - Level 4.8 Stealth


You had 5 spell levels left.
You didn't know any spells.
Your spell library was empty.

Dungeon Overview and Level Annotations

Branches:
Dungeon (4/15) Zot: 21338
 Temple: D:4-7

Altars:
Kikubaaqudgha


Innate Abilities, Weirdness & Mutations

You have extremely sharp teeth.
Your natural rate of healing is unusually fast.
When hurt, damage is shared between your health and your magic reserves.
Your bite disrupts and absorbs the magic of your enemies.
Potions cannot restore your health.


Message History

The gnoll is severely wounded.
You hit the gnoll. You bite the gnoll.
You kill the gnoll!
You feel sick. The gnoll misses you.
You hit the gnoll but do no damage.
The gnoll is poisoned.
You feel sick. The gnoll hits you but does no damage.
You are more poisoned.
You closely miss the gnoll.
The gnoll is lightly wounded.
You feel sick.
The gnoll hits you with a +2 halberd of venom!
You are more poisoned.
A kobold comes into view.
It is wielding a +0 short sword and carrying a wand of mindburst.
The kobold shouts!
You hit the gnoll.
The gnoll looks as sick as possible!
You bite the gnoll. You drain its power.
You feel invigorated.
The gnoll is moderately wounded.
* * * LOW HITPOINT WARNING * * *
You feel very sick.
You hit the gnoll.
The gnoll looks as sick as possible!
Your bite misses the gnoll.
The gnoll is heavily wounded.
* * * LOW HITPOINT WARNING * * *
You feel very sick. The gnoll misses you.
You hit the gnoll.
The gnoll looks as sick as possible!
Your bite misses the gnoll.
The gnoll is severely wounded.
* * * LOW HITPOINT WARNING * * *
You feel sick. The gnoll barely misses you.
You hit the gnoll.
The gnoll is almost dead.
* * * LOW HITPOINT WARNING * * *
You feel sick.
The gnoll hits you with a +2 halberd of venom!
* * * LOW HITPOINT WARNING * * *
You are more poisoned.
You hit the gnoll but do no damage. Your bite misses the gnoll.
The gnoll is almost dead.
You die...

.'........'..
+.....
##........###
####....
#........#
#......
#........#
#.....
#######...
#...K# ....
#..$.# #....#
#)g..# #@...#
#.)..# ######


You could see a gnoll (extremely poisoned) and a kobold.

Vanquished Creatures
  A phantom (D:4)
  A bombardier beetle (D:4)
  A hound (D:3)
  Crazy Yiuf (D:2)
  Jessica (D:2)
  4 adders
  2 gnolls (D:4)
  2 ribbon worms
  3 dart slugs
  4 orcs
  9 ball pythons
  8 endoplasms
  6 giant cockroaches
  10 goblins
  12 hobgoblins
  2 jackals (D:3)
  2 quokkas
  7 bats
  8 frilled lizards
  10 kobolds
  6 rats
100 creatures vanquished.

Notes
Turn   | Place    | Note
-------+----------+-------------------------------------------
     0 | D:1      | dorian the Vine Stalker Brigand began the quest for the
                  | Orb.
     0 | D:1      | Reached XP level 1. HP: 11/11 MP: 2/2
    36 | D:1      | Reached skill level 2 in Short Blades
    67 | D:1      | Reached XP level 2. HP: 15/15 MP: 3/3
    71 | D:1      | Found a faded altar of an unknown god.
   267 | D:1      | Reached XP level 3. HP: 18/18 MP: 4/4
   449 | D:1      | Reached skill level 3 in Short Blades
   769 | D:2      | Reached XP level 4. HP: 23/23 MP: 5/5
   796 | D:2      | Found a runed translucent door.
   797 | D:2      | Noticed Crazy Yiuf
   888 | D:2      | Found an ancient bone altar of Kikubaaqudgha.
  1347 | D:2      | Noticed Jessica
  1350 | D:2      | Killed Jessica
  1558 | D:2      | Killed Crazy Yiuf
  1559 | D:2      | Reached XP level 5. HP: 11/28 MP: 3/6
  1680 | D:3      | Reached skill level 4 in Short Blades
  2463 | D:3      | Reached XP level 6. HP: 32/32 MP: 7/7
  2669 | D:4      | Reached skill level 5 in Short Blades
  2713 | D:4      | HP: 1/33 [gnoll/+2 halberd of venom (3)]
  2714 | D:4      | Succumbed to a gnoll's poison

Illustrated notes

Levels and vault maps discovered:
D:1:      shiori_arrival_maze, layout_loops_ring, ebering_ecumenical_altar_webs
D:2:      layout_basic, basic_altar, uniq_crazy_yiuf_cottage, uniq_jessica
D:3:      minmay_recursive_quarters, layout_loops_corners
D:4:      layout_basic, grunt_temple_overflow_order_and_chaos_1,
          nicolae_ru_awakened_eye

Skill      XL: |  1  2  3  4  5  6 |
---------------+-------------------+-----
Short Blades   | 2 3 4 5 |  5.1
Fighting       | 2 3 |  3.8
Throwing       | |  1.7
Dodging        | |  0.7
Stealth        | |  4.8

Action                     |  1- 3 |  4- 6 || total
---------------------------+-------+-------++-------
  Melee: Dagger            |   107 |   171 ||   278
         Bite              |    18 |    55 ||    73
         Punch             |     2 |     2 ||     4
    Use: Scroll            |     1 |     2 ||     3
   Stab: Sleeping          |     8 |    12 ||    20
 Armour: Robe              |    47 |     7 ||    54
         Leather armour    |       |    89 ||    89
  Dodge: Dodged            |    58 |    98 ||   156
